 Dungeon Crawl Stone Soup version 0.25-a0-558-g78a2afb0af (webtiles) character file.

Game seed: 15084695893548463475, levelgen mode: classic

977 EnegeticOcto the Shield-Bearer (level 7, 48/67 HPs)
             Began as a Deep Dwarf Fighter on Feb 24, 2020.
             Quit the game on level 7 of the Dungeon.
             The game lasted 00:01:59 (2280 turns).

EnegeticOcto the Shield-Bearer (Deep Dwarf Fighter) Turns: 2280, Time: 00:01:59

Health: 48/67      AC: 16    Str: 22    XL:     7   Next: 95%
Magic:  4/4        EV:  5    Int:  8    God:
Gold:   211        SH: 10    Dex: 12    Spells: 6/6 levels left

rFire    . . .     SeeInvis .   a - +0 war axe
rCold    . . .     Gourm    .   c - +0 kite shield
rNeg     . . .     Faith    .   w - +0 plate armour
rPois    .         Spirit   .   (no helmet)
rElec    .         Reflect  .   (no cloak)
rCorr    +         Harm     .   r - +2 pair of gloves
MR       +....                  q - +0 pair of boots {run}
Stlth    ..........             (no amulet)
HPRegen  0.00/turn              o - ring of resist corrosion
MPRegen  0.09/turn              u - ring of attention (curse)

@: starving, non-regenerating, quick
A: damage resistance, heal wounds, sense surroundings 1, no regeneration
a: Heal Wounds


You were on level 7 of the Dungeon.
You were starving.

You visited 2 branches of the dungeon, and saw 8 of its levels.

You collected 211 gold pieces.

Inventory:

Hand Weapons
 a - a +0 war axe (weapon)
Armour
 c - a +0 kite shield (worn)
 m - a cursed +0 tower shield
 q - a +0 pair of boots of running (worn)
 r - a +2 pair of gloves (worn)
 w - a +0 plate armour (worn)
Jewellery
 o - a ring of resist corrosion (left hand)
 u - a cursed ring of attention (right hand)
Scrolls
 g - 2 scrolls of remove curse {@r6}
 i - 2 scrolls of blinking {@r3}
 j - a scroll of teleportation {@r2}
Potions
 d - 2 potions of curing {@q1}
 f - 2 potions of mutation {unknown}
 h - 2 potions of heal wounds {unknown}
 k - a potion of might {@q3}
 l - a potion of brilliance {unknown}
 n - a potion of haste {unknown}
 s - a potion of stabbing {unknown}
 t - a potion of ambrosia {unknown}


   Skills:
 * Level 5.2 Fighting
 * Level 5.7 Axes
 + Level 4.9 Armour
 - Level 2.1 Dodging
 * Level 5.7 Shields


You had 6 spell levels left.
You didn't know any spells.
Your spell library was empty.

Dungeon Overview and Level Annotations

Branches:
Dungeon (7/15)             Temple (1/1) D:5

Altars:
Cheibriados
Dithmenos
Elyvilon
Fedhas
Gozag
Hepliaklqana
Okawaru
Qazlal
Ru
Sif Muna
Trog
Uskayaw
Yredelemnul
Zin
The Shining One


Innate Abilities, Weirdness & Mutations

You are resistant to damage.
You can heal yourself by infusing magical energy.
You passively map a small area around you.
You do not regenerate.


Message History

You block the hungry ghost's attack.
You closely miss the hungry ghost.
The hungry ghost is moderately damaged.
You block the hungry ghost's attack.
Your shield prevents you from hitting the hungry ghost.
The hungry ghost is moderately damaged.
The hungry ghost hits you.
You feel a lot more hungry. You block the hungry ghost's attack.
You miss the hungry ghost.
The hungry ghost is moderately damaged.
The hungry ghost hits you.
You are feeling hungry.
You miss the hungry ghost.
The hungry ghost is moderately damaged.
The hungry ghost hits you.
You are feeling very hungry.
You miss the hungry ghost.
The hungry ghost is moderately damaged.
The hungry ghost hits you.
You are near starving!
You slash the hungry ghost!
The hungry ghost is heavily damaged.
The hungry ghost completely misses you. The hungry ghost barely misses you.
Your plate armour prevents you from hitting the hungry ghost.
The hungry ghost is heavily damaged.
The hungry ghost hits you.
You are starving!
You are too hungry to fight recklessly!
You are too hungry to fight recklessly!
You are too hungry to fight recklessly!
You are too hungry to fight recklessly!
You are too hungry to fight recklessly!
You are too hungry to fight recklessly!
You are too hungry to fight recklessly!
You eat one of the 2 rations.
That ration really hit the spot!
The hungry ghost hits you.
You feel a lot more hungry.
You eat the ration.
That ration really hit the spot!
The hungry ghost hits you.
You feel a lot more hungry.
You closely miss the hungry ghost.
The hungry ghost is heavily damaged.
The hungry ghost hits you.
You feel a lot more hungry.
Your plate armour prevents you from hitting the hungry ghost.
The hungry ghost is heavily damaged.
You block the hungry ghost's attack.
You closely miss the hungry ghost.
The hungry ghost is heavily damaged.
The hungry ghost hits you.
You feel a lot more hungry. You block the hungry ghost's attack.
You miss the hungry ghost.
The hungry ghost is heavily damaged.
The hungry ghost hits you.
You are feeling hungry.
You miss the hungry ghost.
The hungry ghost is heavily damaged.
The hungry ghost hits you.
You are feeling very hungry.
You block the hungry ghost's attack.
You closely miss the hungry ghost.
The hungry ghost is heavily damaged.
The hungry ghost hits you.
You are near starving!
You closely miss the hungry ghost.
The hungry ghost is heavily damaged.
The hungry ghost hits you.
You are starving!
You are too hungry to fight recklessly!
You are too hungry to fight recklessly!
You are too hungry to fight recklessly!
You are too hungry to fight recklessly!
You are too hungry to fight recklessly!
You are too hungry to fight recklessly!
You are too hungry to fight recklessly!
You aren't carrying any food.
You aren't carrying any food.
You aren't carrying any food.
You aren't carrying any food.
You are too hungry to fight recklessly!
You are too hungry to fight recklessly!
You are too hungry to fight recklessly!
You are too hungry to fight recklessly!
You are too hungry to fight recklessly!
You are too hungry to fight recklessly!
You are too hungry to fight recklessly!
You are too hungry to fight recklessly!
You aren't carrying any food.
You aren't carrying any food.
You aren't carrying any food.
You aren't carrying any food.
You are too hungry to fight recklessly!
You are too hungry to fight recklessly!
You are too hungry to fight recklessly!
You are too hungry to fight recklessly!
You are too hungry to fight recklessly!
You are too hungry to fight recklessly!
You are too hungry to fight recklessly!
You are too hungry to fight recklessly!
You are too hungry to fight recklessly!
You are too hungry to fight recklessly!
You are too hungry to fight recklessly!
Are you sure you want to abandon this character and quit the game? (Confirm with "yes".)

, #.# #...# #.#######
#######...####>.......
#..........#......<###
#..........#.##.####**
#..........#.##.# ,
#..........#.##.#, ,
#..........#.##.# ,
#...W@.....#.##.# ,
#............##.#
#..........####.#,
#..........# #.#
############ *, * *
*,* ** , , ,, ,


You could see a hungry ghost.

Vanquished Creatures
  2 ice beasts
  A phantom (D:6)
  A sky beast (D:4)
  An ogre (D:5)
  A centaur (D:6)
  2 bullfrogs
  A scorpion (D:5)
  3 orc wizards
  2 worker ants
  3 gnolls (D:6)
  6 adders
  An adder zombie (D:5)
  A worm (D:3)
  A dart slug (D:2)
  A leopard gecko (D:4)
  13 orcs
  3 giant cockroaches
  A goblin (D:3)
  4 hobgoblins
  4 jackals (D:6)
  2 ball pythons
  2 frilled lizards
  A giant cockroach zombie (D:5)
  A jackal zombie (D:6)
  5 kobolds
  A leopard gecko skeleton (D:6)
64 creatures vanquished.

Notes
Turn   | Place    | Note
-------+----------+-------------------------------------------
     0 | D:1      | EnegeticOcto the Deep Dwarf Fighter began the quest for the
                  | Orb.
     0 | D:1      | Reached XP level 1. HP: 20/20 MP: 1/1
    65 | D:1      | Reached XP level 2. HP: 25/27 MP: 2/2
   293 | D:3      | Reached skill level 1 in Dodging
   293 | D:3      | Reached XP level 3. HP: 34/34 MP: 2/2
   392 | D:3      | Reached XP level 4. HP: 30/42 MP: 3/3
   469 | D:4      | Found an iron altar of Okawaru.
   520 | D:4      | Noticed a sky beast
   536 | D:4      | Killed a sky beast
   536 | D:4      | Reached XP level 5. HP: 33/50 MP: 3/3
   611 | D:4      | Identified a +0 pair of boots of running (You found it on
                  | level 4 of the Dungeon)
   757 | D:4      | Reached XP level 6. HP: 28/57 MP: 4/4
  1090 | D:5      | Entered Level 5 of the Dungeon
  1416 | D:5      | Found a staircase to the Ecumenical Temple.
  1433 | D:5      | Reached XP level 7. HP: 52/66 MP: 4/4
  1440 | Temple   | Entered the Ecumenical Temple
  1882 | D:5      | Reached skill level 5 in Axes
  1882 | D:5      | Reached skill level 5 in Shields
  2154 | D:6      | Found a shadowy altar of Dithmenos.
  2161 | D:6      | Reached skill level 5 in Fighting
  2230 | D:7      | Noticed a hungry ghost
  2280 | D:7      | Quit the game

Levels and vault maps discovered:
D:1:      elethiomel_arrival_quiet, layout_rooms, minmay_worlds_worst_comb
D:2:      layout_rooms, lemuel_doored_altar
D:3:      layout_basic
D:4:      layout_basic, overflow_temple_1_default
D:5:      layout_gridville, minmay_temple_entry_tees, first_ration,
          abandoned_shop
D:6:      layout_cave_pools, grunt_dithmenos_shadows
D:7:      layout_basic, overflow_temple_1_default, minmay_checkerbox,
          uniq_menkaure, uniq_prince_ribbit1
Temple:   oiseaux_autumnal_temple

Skill      XL: |  1  2  3  4  5  6  7 |
---------------+----------------------+-----
Fighting       | 3 4 5 |  5.2
Axes           | 3 4 5 |  5.7
Dodging        | 1 2 |  2.1
Armour         | 4 |  4.9
Shields        | 4 5 |  5.7

Action                   |  1- 3 |  4- 6 |  7- 9 || total
-------------------------+-------+-------+-------++-------
Melee: War axe           |    53 |   118 |   104 ||   275
 Abil: Heal Wounds       |     2 |     5 |     2 ||     9
  Use: Scroll            |       |     4 |     3 ||     7
  Eat: Chunk             |       |     2 |     3 ||     5
       Ration            |       |       |     6 ||     6
Armor: Scale mail        |    21 |    58 |    16 ||    95
       Plate armour      |       |       |    37 ||    37
Dodge: Dodged            |    13 |    48 |    34 ||    95
Block: Kite shield       |    27 |    59 |    52 ||   138

Table legend:
 A = Non-vault XP
 B = Vault XP
 C = Vault XP percentage of total XP
 D = Non-vault monster count
 E = Vault monster count
 F = Vault count percentage of total count
                 A         B        C        D         E       F
            +---------+---------+-------+---------+---------+-------
      Total |    1265 |     131 |   9.4 |      61 |       3 |   4.7
            +---------+---------+-------+---------+---------+-------
        D:1 |      11 |       4 |  26.7 |       7 |       2 |  22.2
        D:2 |      19 |       0 |   0.0 |       3 |       0 |   0.0
        D:3 |     124 |       0 |   0.0 |      17 |       0 |   0.0
        D:4 |     336 |       0 |   0.0 |      12 |       0 |   0.0
        D:5 |     388 |       0 |   0.0 |      10 |       0 |   0.0
        D:6 |     258 |     127 |  33.0 |      11 |       1 |   8.3
        D:7 |     129 |       0 |   0.0 |       1 |       0 |   0.0
            +---------+---------+-------+---------+---------+-------
